Map: Rooftop Terrace

Players

Cell - Winner!

  • Race: Protoss Protoss
  • Spawn Location: 6:00

BranDonkey - Winner!

  • Race: Terran Terran
  • Spawn Location: 5:00

Darkwalle - Winner!

  • Race: Protoss Protoss
  • Spawn Location: 6:00

CallMeMike - Winner!

  • Race: Terran Terran
  • Spawn Location: 7:00

Omega

  • Race: Zerg Zerg
  • Spawn Location: 11:00

BrentTerran

  • Race: Protoss Protoss
  • Spawn Location: 1:00

AndrsBreivik

  • Race: Zerg Zerg
  • Spawn Location: 12:00

DrDavidDuke

  • Race: Protoss Protoss
  • Spawn Location: 12:00

VOD

Have the link to the VOD?

Description

Maphack, stat hack, IP hack

Time

  • Played on: Dec. 26, 2022, 10:16 p.m.
  • Length: 12:37
Show
View Real Time Build Order
Export as new Build Order

Cell Protoss - Winner!

Build Orders:  

Get SALT Encoding   

  12  0:01  Probe  
  13  0:13  Probe  
  14  0:20  Pylon  
  14  0:26  Probe  
  15  0:38  Probe (Chrono Boost)  
  16  0:44  Forge  
  17  0:50  Probe (Chrono Boost)  
  17  0:58  Pylon  
  17  1:14  Pylon  
  17  1:20  Pylon  
  16  1:35  Photon Cannon  
  16  1:38  Photon Cannon  
  13  2:12  Photon Cannon  
  12  2:24  Probe (Chrono Boost)  
  13  2:33  Probe (Chrono Boost)  
  14  2:38  Probe (Chrono Boost)  
  15  2:50  Probe (Chrono Boost)  
  16  3:05  Nexus  
  16  3:17  Assimilator  
  16  3:23  Gateway  
  16  3:29  Assimilator  
  16  3:31  Probe (Chrono Boost)  
  17  3:43  Probe (Chrono Boost)  
  18  3:50  Probe (Chrono Boost)  
  19  3:57  Probe  
  20  4:05  Pylon  
  20  4:09  Probe  
  21  4:12  Cybernetics Core  
  21  4:20  Probe  
  21  4:21  Probe  
  23  4:46  Nexus  
  23  4:49  Probe  
  24  5:00  Stargate  
  24  5:11  Stargate  
  24  5:14  Probe  
  25  5:15  Probe  
  26  5:27  Probe  
  27  5:30  Probe  
  28  5:37  Stargate  
  28  5:42  Probe  
  29  5:46  Assimilator  
  29  5:48  Probe  
  30  5:55  Probe (Chrono Boost)  
  30  5:56  Phoenix  
  33  5:59  Probe (Chrono Boost)  
  33  6:00  Probe (Chrono Boost)  
  35  6:11  Phoenix, Probe x2 (Chrono Boost)  
  39  6:15  Probe (Chrono Boost)  
  40  6:24  Probe, Pylon  
  41  6:28  Phoenix  
  41  6:32  Probe  
  44  6:35  Probe  
  44  6:36  Probe  
  44  6:39  Assimilator  
  46  6:48  Fleet Beacon  
  46  6:49  Probe  
  47  6:55  Probe x2  
  47  7:01  Phoenix  
  51  7:04  Probe  
  51  7:07  Probe  
  51  7:08  Probe  
  54  7:20  Phoenix x2  
  54  7:21  Pylon  
  58  7:25  Assimilator  
  58  7:26  Probe  
  58  7:27  Assimilator  
  59  7:32  Anion Pulse-Crystals  
  59  7:35  Phoenix  
  61  7:45  Photon Cannon, Probe x2  
  61  7:50  Probe  
  64  7:54  Phoenix  
  64  7:57  Probe x2  
  68  8:02  Probe  
  69  8:09  Probe  
  70  8:13  Pylon  
  70  8:19  Pylon  
  70  8:21  Phoenix x2 (Chrono Boost)  
  70  8:25  Phoenix (Chrono Boost)  
  72  8:43  Phoenix (Chrono Boost)  
  72  8:46  Phoenix (Chrono Boost)  
  72  8:48  Phoenix (Chrono Boost), Probe x3  
  81  9:00  Probe x3  
  84  9:03  Phoenix  
  84  9:06  Phoenix  
  88  9:12  Probe x2  
  90  9:23  Phoenix  
  92  9:26  Probe x2  
  92  9:28  Phoenix  
  92  9:29  Probe, Pylon  
  92  9:31  Phoenix  
  99  9:32  Pylon  
  99  9:33  Stargate  
  99  9:38  Pylon  
  99  9:46  Pylon  
  93  10:01  Phoenix x2  
  93  10:04  Phoenix  
  99  10:09  Nexus  
  99  10:12  Pylon  
  97  10:26  Phoenix x2  
  101  10:33  Tempest  
  106  10:37  Probe x2  
  106  10:38  Photon Cannon  
  106  10:40  Shield Battery  
  106  10:42  Tempest  
  113  10:43  Pylon  
  113  10:45  Cybernetics Core  
  113  10:51  Tempest x2  
  113  11:16  Tempest  
  118  11:25  Tempest  
  121  11:34  Tempest x2  
  121  11:35  Probe  
  127  11:53  Probe x2  
  127  11:57  Probe x2  
  134  12:05  Probe x2  
  134  12:09  Probe x2  
  132  12:17  Probe x2  
  144  12:27  Assimilator  
  144  12:30  Photon Cannon  
  144  12:31  Assimilator, Photon Cannon  
  144  12:32  Photon Cannon  
Show
View Real Time Build Order
Export as new Build Order

BranDonkey Terran - Winner!

Build Orders:  

Get SALT Encoding   

  12  0:02  SCV  
  13  0:14  SCV  
  14  0:24  Supply Depot  
  14  0:27  SCV  
  15  0:46  SCV  
  15  0:47  Barracks  
  16  0:58  SCV  
  17  1:16  Command Center  
  18  1:18  SCV  
  18  1:34  Orbital Command  
  18  1:55  Command Center  
  18  1:59  SCV  
  19  2:03  Refinery  
  19  2:08  Refinery  
  19  2:11  SCV  
  20  2:23  SCV  
  21  2:35  Orbital Command  
  21  2:37  SCV  
  22  2:44  Engineering Bay x2  
  22  2:49  SCV  
  23  3:01  SCV  
  23  3:02  SCV  
  25  3:07  Orbital Command  
  25  3:13  SCV  
  25  3:14  SCV  
  25  3:15  Terran Infantry Weapons Level 1  
  25  3:16  Terran Infantry Armor Level 1  
  25  3:19  Barracks Tech Lab  
  27  3:25  SCV  
  27  3:26  SCV  
  29  3:29  Barracks  
  29  3:37  SCV  
  29  3:38  SCV x2  
  32  3:43  Factory  
  32  3:50  SCV x2  
  32  3:52  Barracks  
  32  3:53  SCV  
  35  4:02  SCV x2  
  37  4:05  SCV  
  37  4:07  Stimpack  
  37  4:09  Marine  
  39  4:14  SCV x2  
  41  4:17  Supply Depot  
  41  4:18  SCV  
  41  4:22  Barracks Tech Lab  
  42  4:25  Barracks  
  42  4:26  SCV x2  
  42  4:29  Armory  
  42  4:30  SCV  
  45  4:31  Barracks  
  45  4:35  Supply Depot  
  45  4:38  SCV x2, Supply Depot  
  47  4:43  SCV  
  48  4:50  SCV x2  
  50  4:56  SCV  
  51  5:03  Marauder  
  30  5:29  Marauder  
  30  5:31  Marine x2  
  31  5:49  Orbital Command  
  30  5:51  Missile Turret, Marauder  
  29  6:11  SCV x2  
  30  6:17  SCV  
  31  6:23  Missile Turret, SCV  
  32  6:26  Marine x3  
  32  6:32  SCV x2  
  37  6:35  SCV  
  37  6:37  Missile Turret  
  38  6:44  SCV, Marine x2  
  38  6:45  Combat Shield  
  41  6:47  Marine  
  41  6:48  Marine  
  43  6:54  SCV x2  
  43  6:56  SCV  
  43  7:00  Refinery  
  46  7:01  Refinery  
  46  7:06  SCV x2  
  49  7:08  SCV  
  49  7:09  Barracks Reactor  
  49  7:10  Barracks Reactor  
  49  7:11  Barracks Reactor  
  49  7:18  SCV  
  49  7:19  SCV  
  52  7:26  Marine  
  52  7:29  Orbital Command  
  52  7:30  SCV  
  52  7:31  SCV  
  54  7:37  Starport  
  54  7:43  Refinery  
  54  7:44  Marine  
  54  7:46  SCV x2  
  54  7:48  Refinery  
  57  7:57  Terran Infantry Weapons Level 2  
  57  7:58  SCV x2  
  59  8:00  SCV  
  59  8:05  Marine x6, Marauder  
  65  8:10  Barracks, SCV x2  
  65  8:11  Barracks  
  65  8:12  SCV  
  71  8:14  Barracks  
  71  8:22  SCV x2, Marine  
  71  8:23  Marine x3  
  71  8:24  SCV, Starport Reactor  
  76  8:27  Marauder  
  76  8:29  Marine x2  
  71  8:34  SCV  
  71  8:35  SCV  
  71  8:36  SCV  
  71  8:40  Marine  
  72  8:46  SCV  
  72  8:48  SCV x2  
  75  8:51  Supply Depot  
  75  8:52  Supply Depot  
  75  8:58  SCV  
  75  9:00  SCV  
  77  9:06  Sensor Tower  
  77  9:12  SCV x3, Medivac x2  
  77  9:13  Terran Infantry Armor Level 2  
  77  9:16  Supply Depot  
  84  9:17  Supply Depot  
  84  9:20  Supply Depot  
  84  9:22  Marine x2  
  84  9:23  Marine x4, Marauder  
  92  9:25  SCV  
  93  9:37  SCV x3  
  96  9:40  Marine x2  
  96  9:42  Medivac x2  
  102  9:46  Marine x5  
  102  9:49  SCV  
  102  9:51  Supply Depot  
  108  9:55  Supply Depot  
  108  9:57  SCV x2  
  108  9:58  Marine x2  
  112  10:01  Concussive Shells  
  112  10:04  Barracks Reactor, Marine x2  
  112  10:05  Marauder  
  116  10:09  SCV  
  116  10:10  SCV x2  
  119  10:14  Missile Turret  
  119  10:21  Supply Depot  
  119  10:22  SCV x2  
  119  10:23  Marine  
  119  10:24  Missile Turret, Marine x6  
  119  10:26  Marauder  
  130  10:29  SCV, Supply Depot  
  130  10:30  Medivac x2  
  135  10:41  Marine  
  136  10:44  Missile Turret  
  136  10:47  Marine x4, Marauder  
  136  10:48  Missile Turret, Marine x2  
  144  10:50  Supply Depot  
  144  10:52  Barracks Reactor x2  
  144  10:55  Supply Depot  
  144  11:01  Supply Depot  
  144  11:02  Marine x2  
  146  11:05  Marine  
  146  11:08  Marine, Marauder  
  146  11:09  Marine x4, Marauder  
  156  11:20  Marine x2, Medivac x2  
  156  11:22  Marine  
  163  11:26  Marine  
  163  11:27  Marine x4  
  163  11:30  Marauder x2  
  172  11:35  Marine x4  
  172  11:38  Marine x2  
  178  11:40  Marine, Supply Depot  
  178  11:44  Marine x2  
  181  11:50  Medivac x2  
  181  11:51  Marauder  
  181  11:52  Marauder  
Show
View Real Time Build Order
Export as new Build Order

Darkwalle Protoss - Winner!

Build Orders: Zealot Archon 

Get SALT Encoding   

  12  0:00  Probe  
  13  0:12  Probe  
  14  0:21  Pylon  
  14  0:27  Probe  
  15  0:39  Probe  
  15  0:40  Gateway  
  16  0:46  Assimilator  
  16  0:51  Probe (Chrono Boost)  
  17  1:02  Assimilator  
  17  1:03  Probe (Chrono Boost)  
  18  1:08  Probe (Chrono Boost)  
  18  1:11  Gateway  
  19  1:17  Probe  
  20  1:29  Probe  
  20  1:31  Cybernetics Core  
  21  1:34  Pylon  
  21  1:42  Pylon  
  21  1:50  Probe  
  22  2:05  Stalker (Chrono Boost), Probe  
  22  2:06  Stalker (Chrono Boost)  
  27  2:10  Warp Gate  
  27  2:17  Probe  
  28  2:27  Adept x2  
  28  2:29  Probe  
  33  2:41  Probe  
  34  3:02  Nexus  
  34  3:05  Pylon  
  34  3:12  Probe (Chrono Boost)  
  35  3:22  Probe (Chrono Boost)  
  35  3:27  Probe (Chrono Boost)  
  36  3:34  Adept x2  
  35  3:38  Twilight Council  
  35  3:44  Gateway  
  35  3:53  Probe  
  36  4:05  Probe (Chrono Boost)  
  36  4:08  Gateway  
  35  4:12  Adept  
  35  4:14  Adept  
  35  4:16  Probe (Chrono Boost)  
  40  4:17  Probe (Chrono Boost)  
  41  4:26  Blink (Chrono Boost)  
  41  4:27  Probe (Chrono Boost)  
  41  4:29  Probe (Chrono Boost)  
  43  4:38  Probe  
  44  4:56  Nexus  
  44  5:01  Adept  
  44  5:02  Adept x2  
  50  5:10  Probe x2  
  50  5:13  Stalker  
  52  5:23  Shield Battery  
  52  5:25  Stalker  
  52  5:26  Sentry  
  52  5:27  Sentry  
  58  5:28  Shield Battery  
  58  5:31  Probe x2  
  56  5:43  Stalker, Probe x2  
  56  5:49  Stalker  
  62  5:56  Sentry  
  60  6:05  Stalker  
  62  6:12  Assimilator  
  62  6:16  Stalker  
  62  6:17  Probe  
  65  6:18  Probe  
  64  6:30  Probe (Chrono Boost)  
  64  6:31  Templar Archives  
  63  6:35  Probe x2 (Chrono Boost)  
  63  6:36  Pylon  
  65  6:42  Probe (Chrono Boost)  
  65  6:46  Probe (Chrono Boost)  
  68  6:50  Stalker  
  68  6:51  Stalker x2  
  73  6:54  Stalker  
  73  6:58  Probe x3  
  78  7:03  Assimilator  
  78  7:14  Stalker  
  78  7:15  Stalker x2  
  84  7:23  Probe  
  85  7:30  Forge  
  85  7:32  Assimilator  
  85  7:33  Pylon  
  85  7:35  Assimilator, Pylon  
  85  7:37  Pylon  
  85  7:45  Gateway  
  85  7:48  Gateway  
  85  7:52  High Templar  
  85  7:53  High Templar  
  85  7:54  Stalker x2  
  85  7:56  Probe x2  
  95  7:59  Archon  
  95  8:05  Probe  
  96  8:06  Protoss Ground Weapons Level 1  
  96  8:08  Probe x2  
  96  8:09  Charge (Chrono Boost)  
  98  8:17  Gateway  
  98  8:21  Robotics Facility  
  92  8:35  High Templar x2  
  92  8:38  Pylon  
  92  8:40  Archon  
  96  8:46  Stalker x2  
  100  8:53  Pylon  
  100  8:55  Pylon  
  100  8:57  Probe  
  101  9:06  Probe  
  102  9:21  High Templar  
  102  9:22  High Templar x2  
  106  9:25  Warp Prism (Chrono Boost)  
  106  9:26  Archon  
  106  9:27  High Templar, Zealot  
  106  9:31  Gateway  
  112  9:32  Gateway  
  112  9:34  Archon, Gateway  
  112  9:38  Pylon  
  112  9:40  Pylon  
  112  9:42  Gateway  
  112  9:43  Pylon  
  112  9:46  Pylon  
  88  10:10  Stalker  
  88  10:11  Stalker x3  
  82  10:37  Stalker x3  
  82  10:38  Stalker x7  
  102  10:43  Probe x2  
  98  11:18  Stalker x6  
  92  11:19  Stalker x4  
  98  11:45  Stalker x6  
  98  11:46  Stalker  
  106  12:06  Stalker x2  
  106  12:07  Stalker  
  110  12:15  Stalker x4  
  112  12:16  Stalker  
Show
View Real Time Build Order
Export as new Build Order

CallMeMike Terran - Winner!

Build Orders:  

Get SALT Encoding   

  12  0:02  SCV  
  13  0:18  SCV, Supply Depot  
  14  0:30  SCV  
  15  0:40  Barracks  
  15  0:42  SCV  
  16  0:54  SCV  
  17  1:06  SCV  
  17  1:07  Refinery  
  18  1:18  SCV  
  19  1:32  Orbital Command  
  19  1:40  Command Center  
  19  1:47  Marine  
  19  1:52  Refinery  
  20  1:56  Supply Depot  
  20  2:01  SCV  
  21  2:12  Factory  
  21  2:27  SCV  
  22  2:30  Barracks Tech Lab  
  22  2:39  SCV  
  23  2:49  Barracks  
  23  2:51  SCV  
  23  2:55  Orbital Command  
  24  3:03  SCV  
  25  3:06  Siege Tank, Marine  
  25  3:11  Starport  
  29  3:15  SCV  
  30  3:21  SCV  
  30  3:24  Marine  
  32  3:28  SCV  
  32  3:34  SCV  
  34  3:38  Marine  
  35  3:49  Stimpack, Marine  
  35  3:51  Starport Reactor  
  35  3:55  Supply Depot  
  36  3:56  Engineering Bay  
  36  4:01  Marine  
  37  4:03  SCV  
  37  4:07  Marine  
  37  4:09  Widow Mine  
  41  4:16  SCV  
  42  4:25  Missile Turret, Marine  
  43  4:37  Marine x2, Medivac  
  47  4:39  Widow Mine  
  47  4:41  SCV  
  47  4:42  SCV  
  47  4:43  Marine  
  52  4:48  Supply Depot  
  52  4:49  Missile Turret, Supply Depot  
  52  4:53  SCV  
  52  4:54  Marine  
  54  5:01  Supply Depot  
  54  5:09  Marine x2  
  54  5:12  Marine  
  57  5:18  Barracks  
  57  5:19  Terran Infantry Weapons Level 1  
  57  5:20  Barracks  
  57  5:21  Barracks  
  57  5:27  SCV x2, Marine x2  
  61  5:30  Marine  
  62  5:39  SCV  
  62  5:42  Combat Shield  
  62  5:45  Marine x2  
  62  5:48  Marine  
  65  5:54  Factory  
  62  5:58  Starport Reactor  
  62  6:02  SCV x2  
  62  6:03  Marine x2  
  66  6:06  Marine  
  66  6:07  Engineering Bay, Armory  
  66  6:10  Barracks Reactor  
  67  6:15  SCV x2  
  68  6:20  Marine x2  
  68  6:24  Marine x3  
  72  6:33  Factory Tech Lab  
  72  6:34  Terran Infantry Armor Level 1  
  72  6:38  Marine x2  
  74  6:41  Marine  
  74  6:44  Barracks Reactor x2  
  74  6:46  Medivac  
  77  6:47  Command Center  
  77  6:51  Factory Tech Lab  
  77  6:58  Marine  
  78  7:05  Marine x4, Supply Depot  
  78  7:06  Supply Depot  
  69  7:16  Marine  
  69  7:21  Siege Tank x2, Marine x4  
  74  7:22  Marine  
  74  7:27  Marine x3  
  73  7:34  Marine  
  73  7:37  Missile Turret  
  73  7:38  Marine  
  73  7:39  Missile Turret, Marine x3  
  77  7:53  SCV x2  
  77  7:54  Widow Mine x2  
  83  8:05  SCV  
  83  8:07  Marine x9  
  83  8:11  Medivac  
  95  8:14  Orbital Command  
  95  8:15  Siege Tank  
  95  8:16  SCV  
  95  8:17  Supply Depot  
  95  8:18  Supply Depot  
  95  8:19  Supply Depot  
  99  8:25  Marine  
  100  8:34  Marine x3, Marauder  
  102  8:35  Marine  
  102  8:39  Medivac  
  102  8:40  Marine x3, Supply Depot  
  111  8:43  Marine  
  112  8:52  Marine  
  113  8:58  Marine  
  113  8:59  Marine x6  
  120  9:20  Marine x9  
  126  9:27  SCV  
  126  9:28  SCV x2  
  129  9:37  Marine  
  129  9:38  Marine x3  
  133  9:39  SCV  
  133  9:40  SCV  
  133  9:41  SCV  
  136  9:51  SCV  
  137  9:52  SCV  
  137  9:53  SCV  
  138  10:03  SCV  
  138  10:05  SCV x2, Marine x8  
  149  10:10  Sensor Tower  
  149  10:12  Missile Turret  
  149  10:18  Supply Depot  
  149  10:19  Supply Depot  
  149  10:21  SCV x2, Marine, Supply Depot  
  149  10:22  Marine  
  149  10:23  Marine x3  
  140  10:32  Marine x4  
  140  10:33  Thor x2  
  156  10:39  Medivac  
  156  10:40  Marine x2  
  156  10:41  Marine  
  160  10:45  Marine x2  
  162  10:50  Marine x3  
  162  10:52  Barracks x3  
  162  10:54  Factory  
  164  11:03  Medivac  
  158  11:19  Marine x5  
  158  11:20  Marine  
  148  11:30  Marine x3  
  151  11:37  Marine x6  
  153  11:46  Medivac x2  
  146  11:47  Marine  
  146  11:51  Marine x2  
  142  11:55  Marine x6  
  142  11:56  Barracks Tech Lab  
  142  11:57  Barracks Tech Lab  
  142  11:59  Barracks Tech Lab  
  148  12:15  Marine x5  
  150  12:19  Missile Turret  
  150  12:20  Missile Turret  
  150  12:21  Missile Turret x2  
  155  12:24  Missile Turret  
  130  12:33  Refinery  
  135  12:36  Refinery  
Show
View Real Time Build Order
Export as new Build Order

Omega Zerg 

Build Orders: Hatch First 

Get SALT Encoding   

  12  0:00  Drone  
  13  0:12  Overlord  
  13  0:19  Drone  
  14  0:31  Drone  
  14  0:32  Drone  
  14  0:35  Drone  
  17  0:54  Hatchery  
  16  0:57  Drone  
  16  1:00  Drone  
  16  1:03  Extractor  
  17  1:07  Drone  
  18  1:18  Drone  
  19  1:28  Overlord  
  19  1:40  Drone  
  20  1:47  Spawning Pool  
  20  1:52  Drone  
  20  2:00  Drone  
  21  2:13  Hatchery, Drone x2  
  22  2:21  Drone  
  23  2:31  Overlord  
  23  2:33  Metabolic Boost  
  23  2:37  Queen  
  23  2:40  Zergling x2  
  23  2:41  Zergling x2  
  28  2:44  Zergling x2  
  28  2:51  Zergling x2  
  28  2:52  Zergling x2  
  28  2:56  Zergling x2  
  31  3:04  Zergling x2  
  32  3:10  Zergling x2  
  33  3:16  Zergling x4  
  35  3:26  Zergling x4  
  36  3:33  Queen  
  37  3:35  Queen  
  37  3:36  Zergling x6  
  37  3:41  Evolution Chamber  
  41  3:43  Zergling x2  
  41  3:44  Zergling x2  
  41  3:47  Zergling x2  
  41  3:48  Zergling x6  
  47  3:52  Overlord  
  47  4:00  Zergling x2  
  47  4:01  Zergling x2  
  49  4:08  Zergling x2  
  49  4:10  Overlord  
  49  4:13  Zerg Melee Weapons Level 1  
  47  4:19  Drone x3  
  47  4:22  Drone  
  47  4:23  Drone  
  52  4:26  Drone  
  52  4:28  Drone  
  54  4:33  Overlord  
  54  4:43  Drone x4  
  58  4:51  Drone  
  58  4:52  Drone x2  
  61  4:54  Drone x2  
  63  5:03  Drone x4  
  63  5:05  Extractor  
  66  5:09  Lair  
  66  5:11  Drone  
  67  5:15  Drone x3  
  67  5:16  Drone  
  67  5:20  Drone x2  
  73  5:22  Extractor  
  73  5:24  Drone  
  73  5:25  Drone x2  
  74  5:34  Extractor  
  73  5:37  Drone  
  73  5:39  Overlord  
  73  5:40  Overlord  
  73  5:41  Overlord  
  74  5:44  Overlord  
  74  5:54  Overlord  
  74  5:58  Drone  
  74  5:59  Drone x3  
  74  6:00  Drone x3  
  74  6:03  Drone  
  74  6:04  Drone x6  
  88  6:09  Zerg Melee Weapons Level 2  
  88  6:11  Baneling Nest  
  88  6:14  Drone  
  88  6:15  Evolution Chamber  
  88  6:16  Drone  
  88  6:17  Drone  
  89  6:25  Spore Crawler x2  
  89  6:27  Spore Crawler, Drone x2  
  89  6:30  Drone  
  89  6:31  Extractor, Drone x3  
  89  6:32  Extractor, Drone  
  91  6:33  Drone  
  91  6:37  Drone, Infestation Pit  
  92  6:42  Zergling x8  
  96  6:51  Spore Crawler  
  96  6:52  Zergling x2  
  96  6:53  Zergling x8  
  100  6:54  Centrifugal Hooks  
  100  7:00  Baneling x7  
  100  7:01  Baneling x8  
  100  7:03  Zergling x4  
  102  7:09  Spore Crawler  
  102  7:10  Spore Crawler  
  102  7:14  Spore Crawler  
  91  7:26  Zergling x10  
  91  7:27  Zergling x14  
  91  7:28  Hive  
  101  7:30  Zerg Ground Armor Level 1  
  101  7:34  Drone  
  102  7:40  Hatchery  
  101  7:48  Baneling x7  
  101  8:09  Spore Crawler  
  101  8:10  Drone  
  101  8:11  Drone x3  
  101  8:12  Hatchery, Spore Crawler  
  100  8:13  Overlord x3  
  100  8:14  Overlord  
  89  8:40  Zergling x20  
  89  8:41  Zergling x16  
  105  8:45  Viper x2  
  105  8:46  Viper  
  110  8:53  Overlord x2  
  110  8:54  Zerg Melee Weapons Level 3, Ultralisk Cavern  
  109  8:57  Zergling x4  
  109  8:59  Baneling x13  
  109  9:00  Baneling  
  101  9:19  Zergling x2  
  101  9:20  Zergling x24  
  109  9:31  Baneling x18  
  109  9:35  Spore Crawler x2  
  109  9:37  Spore Crawler  
  106  9:40  Drone x2, Queen  
  106  9:43  Baneling x6  
  108  10:03  Zergling x2  
  108  10:04  Zergling x2, Ultralisk  
  108  10:05  Zergling x24  
  112  10:17  Zergling x18  
  112  10:18  Zergling x2  
  104  10:29  Zergling x12  
  104  10:31  Baneling x9  
  106  10:36  Baneling x12  
  106  10:37  Baneling  
  106  10:46  Zergling x12  
  109  10:58  Ultralisk  
  109  11:03  Zergling x18  
  124  11:06  Baneling  
  124  11:07  Baneling x9  
  99  11:23  Zergling x16, Ultralisk  
  104  11:27  Baneling x2  
  104  11:28  Baneling  
  97  11:35  Zergling x6  
  97  11:36  Zergling x8  
  103  11:42  Zergling x2  
  103  11:43  Zergling x12  
  107  11:52  Zergling x18  
  104  11:59  Zergling x4  
  104  12:00  Zergling x6  
  105  12:03  Baneling x9  
  105  12:04  Baneling  
  105  12:06  Baneling x6  
Show
View Real Time Build Order
Export as new Build Order

BrentTerran Protoss 

Build Orders: Phoenix Opening, Mass Phoenix 

Get SALT Encoding   

  12  0:02  Probe  
  13  0:14  Probe  
  14  0:26  Probe  
  15  0:30  Pylon  
  15  0:33  Assimilator  
  15  0:48  Probe (Chrono Boost)  
  16  1:00  Probe (Chrono Boost)  
  17  1:07  Probe (Chrono Boost)  
  18  1:12  Gateway  
  18  1:14  Probe  
  19  1:20  Assimilator  
  19  1:34  Probe  
  20  1:46  Probe  
  21  1:47  Nexus  
  21  2:14  Probe  
  22  2:26  Cybernetics Core, Probe  
  22  2:28  Pylon  
  22  2:29  Pylon  
  23  2:44  Pylon  
  23  2:46  Probe  
  24  2:59  Assimilator  
  24  3:03  Pylon  
  24  3:05  Stargate  
  24  3:07  Stargate  
  24  3:09  Probe x2  
  26  3:20  Protoss Air Weapons Level 1 (Chrono Boost)  
  26  3:29  Forge  
  26  3:39  Probe x2  
  28  3:50  Phoenix  
  28  3:51  Probe x2  
  28  3:52  Phoenix  
  34  4:06  Protoss Shields Level 1 (Chrono Boost)  
  34  4:15  Phoenix  
  36  4:19  Assimilator  
  36  4:20  Phoenix  
  38  4:40  Phoenix  
  40  4:45  Phoenix  
  42  5:10  Phoenix x2  
  46  5:35  Phoenix x2  
  50  6:00  Phoenix x2  
  52  6:29  Phoenix  
  52  6:30  Phoenix  
  54  6:37  Twilight Council  
  54  6:38  Probe x2  
  56  6:50  Probe x2  
  58  6:58  Warp Gate (Chrono Boost)  
  58  7:01  Nexus  
  58  7:02  Probe x2  
  60  7:08  Nexus  
  60  7:11  Pylon  
  58  7:22  Phoenix x2  
  62  7:37  Charge (Chrono Boost)  
  62  7:47  Phoenix  
  64  7:51  Protoss Shields Level 2 (Chrono Boost)  
  64  7:56  Cybernetics Core, Pylon x2  
  64  7:57  Probe (Chrono Boost)  
  65  8:00  Probe (Chrono Boost)  
  66  8:08  Probe (Chrono Boost)  
  66  8:09  Probe (Chrono Boost)  
  66  8:43  Protoss Air Armor Level 1 (Chrono Boost)  
  64  8:52  Stargate, Probe (Chrono Boost)  
  64  8:53  Stargate, Probe (Chrono Boost)  
  64  8:54  Probe (Chrono Boost)  
  64  8:55  Probe (Chrono Boost)  
  68  9:01  Pylon  
  70  9:03  Probe (Chrono Boost)  
  70  9:04  Probe x2 (Chrono Boost)  
  70  9:06  Probe (Chrono Boost)  
  70  9:08  Probe x2 (Chrono Boost)  
  70  9:09  Probe (Chrono Boost)  
  73  9:15  Probe  
  74  9:17  Probe  
  74  9:19  Probe  
  74  9:23  Phoenix  
  74  9:24  Phoenix  
  72  9:27  Probe  
  72  9:29  Probe x2  
  72  9:31  Probe  
  76  9:39  Probe  
  76  9:41  Assimilator  
  76  9:43  Assimilator  
  77  9:48  Phoenix  
  77  9:49  Phoenix, Pylon  
  77  9:50  Pylon  
  77  9:51  Pylon  
  81  9:53  Fleet Beacon  
  73  10:09  Zealot  
  73  10:13  Phoenix (Chrono Boost)  
  79  10:17  Phoenix (Chrono Boost)  
  79  10:21  Phoenix (Chrono Boost)  
  81  10:31  Phoenix (Chrono Boost)  
  81  10:33  Anion Pulse-Crystals (Chrono Boost), Phoenix (Chrono Boost)  
  81  10:34  Gateway  
  85  10:36  Pylon  
  85  10:38  Pylon  
  85  10:39  Phoenix  
  87  10:48  Probe x3  
  87  10:49  Probe  
  91  10:51  Assimilator  
  91  10:53  Assimilator  
  91  10:54  Phoenix  
  93  10:57  Phoenix  
  93  11:00  Probe  
  82  11:25  Phoenix x2  
  82  11:26  Phoenix  
  84  11:40  Zealot x2  
  84  11:44  Gateway  
  84  11:47  Gateway  
  88  11:48  Gateway x2  
  88  11:50  Phoenix x2  
  88  11:51  Phoenix  
  88  11:52  Gateway  
  84  12:13  Zealot  
Show
View Real Time Build Order
Export as new Build Order

AndrsBreivik Zerg 

Build Orders: Hatch First 

Get SALT Encoding   

  12  0:04  Drone  
  13  0:12  Drone  
  14  0:27  Overlord  
  14  0:45  Hatchery  
  13  0:50  Drone  
  13  0:55  Drone  
  13  0:56  Drone  
  16  1:12  Spawning Pool  
  16  1:15  Drone  
  16  1:19  Drone  
  16  1:24  Extractor  
  16  1:25  Drone  
  17  1:34  Drone  
  17  1:39  Extractor  
  17  1:45  Drone  
  18  1:56  Drone  
  19  2:02  Drone  
  19  2:06  Queen  
  19  2:07  Queen  
  24  2:09  Zergling x2  
  24  2:11  Zergling x2  
  26  2:21  Zergling x2  
  27  2:23  Overlord  
  27  2:28  Zergling x2  
  28  2:42  Zergling x2  
  28  2:43  Drone  
  28  2:44  Zergling x2  
  31  2:48  Lair  
  31  2:52  Metabolic Boost  
  31  2:58  Drone  
  32  3:01  Drone  
  32  3:04  Zergling x2  
  34  3:10  Overlord  
  34  3:18  Zergling x4  
  33  3:35  Drone x2  
  33  3:37  Overlord  
  33  3:38  Zergling x6  
  38  3:53  Zergling x2, Nydus Network  
  38  3:54  Zergling x2  
  39  3:56  Zergling x2  
  39  4:00  Drone  
  41  4:05  Zergling x2  
  42  4:11  Zergling x4  
  42  4:12  Zergling x2  
  42  4:15  Zergling x2  
  46  4:18  Drone  
  46  4:21  Drone  
  48  4:31  Zergling x2  
  48  4:32  Zergling x4  
  48  4:35  Nydus Canal  
  51  4:47  Overlord x2  
  51  5:14  Zergling x12  
  50  5:15  Zergling x2  
  50  5:26  Zergling x6  
  50  5:27  Drone x4  
  55  5:47  Nydus Canal  
  55  5:48  Zergling x8  
  55  5:52  Drone  
  50  6:09  Zergling x6  
  53  6:15  Drone, Queen  
  53  6:16  Hydralisk Den  
  53  6:17  Drone  
  55  6:33  Nydus Canal  
  55  6:37  Zergling x2  
  55  6:38  Zergling x4  
  58  6:45  Zergling x2  
  58  6:46  Zergling x8  
  63  6:47  Overlord  
  63  6:51  Hydralisk x2  
  63  6:53  Hatchery  
  66  6:54  Grooved Spines  
  66  7:02  Nydus Canal  
  66  7:04  Overlord  
  66  7:13  Hydralisk  
  68  7:17  Evolution Chamber  
  68  7:18  Evolution Chamber  
  66  7:23  Hydralisk x2  
  66  7:28  Drone x3  
  73  7:33  Nydus Canal  
  73  7:36  Hydralisk  
  75  7:43  Extractor  
  74  7:45  Extractor  
  72  7:52  Hydralisk x3  
  76  8:06  Muscular Augments  
  76  8:07  Hydralisk x3  
  76  8:11  Drone x2  
  84  8:15  Zerg Ground Armor Level 1  
  84  8:20  Drone x2  
  84  8:22  Drone  
  84  8:26  Overlord  
  87  8:31  Overlord  
  87  8:35  Zerg Missile Weapons Level 1  
  87  8:41  Drone  
  87  8:42  Drone  
  87  8:43  Drone  
  90  8:50  Nydus Canal  
  90  8:52  Hydralisk  
  90  8:55  Hydralisk  
  94  9:00  Overlord  
  94  9:12  Hydralisk x2  
  94  9:14  Overlord x2  
  98  9:22  Hydralisk  
  98  9:23  Hydralisk  
  102  9:31  Hydralisk x2  
  102  9:33  Overlord  
  106  9:43  Hydralisk  
  106  9:44  Hydralisk x2  
  90  9:57  Hydralisk x2  
  90  9:58  Hydralisk  
  67  10:12  Hydralisk x4  
  59  10:28  Hydralisk x4  
  63  10:39  Hydralisk x2  
  63  10:40  Hydralisk  
  67  10:47  Hydralisk x2  
  71  11:04  Hydralisk x2  
  71  11:05  Hydralisk x2  
  71  11:07  Hydralisk  
  81  11:22  Hydralisk x3  
  83  11:28  Hydralisk x2  
  87  11:35  Hydralisk  
  87  11:36  Hydralisk  
  91  11:43  Hydralisk  
  91  11:44  Hydralisk  
Show
View Real Time Build Order
Export as new Build Order

DrDavidDuke Protoss 

Build Orders: Carriers 

Get SALT Encoding   

  12  0:04  Probe  
  13  0:15  Pylon  
  13  0:18  Probe  
  14  0:31  Probe  
  15  0:37  Forge  
  15  0:55  Pylon  
  15  0:59  Probe  
  16  1:05  Pylon  
  16  1:14  Photon Cannon  
  16  1:20  Pylon  
  15  2:06  Photon Cannon  
  15  2:38  Probe  
  16  2:50  Probe  
  17  2:51  Gateway  
  17  3:14  Nexus  
  17  3:15  Probe (Chrono Boost)  
  18  3:25  Probe (Chrono Boost)  
  19  3:30  Probe (Chrono Boost)  
  20  3:53  Nexus  
  20  3:59  Probe  
  21  4:11  Probe  
  22  4:24  Nexus, Probe  
  23  4:26  Probe  
  24  4:36  Probe  
  25  4:38  Probe  
  26  4:48  Assimilator, Probe  
  26  4:50  Probe  
  28  4:53  Assimilator  
  28  5:00  Probe  
  28  5:02  Probe  
  30  5:33  Probe x3  
  33  5:39  Probe  
  34  5:44  Assimilator  
  34  5:45  Probe x3  
  34  5:47  Assimilator  
  34  5:48  Assimilator  
  34  5:49  Assimilator  
  37  5:51  Probe  
  38  5:57  Probe  
  38  5:58  Probe x2  
  38  6:03  Probe  
  42  6:08  Cybernetics Core  
  42  6:09  Probe  
  42  6:10  Pylon, Probe x2  
  45  6:15  Probe  
  46  6:22  Probe x3  
  49  6:27  Probe  
  50  6:34  Probe x3  
  50  6:38  Pylon x2  
  50  6:39  Probe  
  54  6:46  Probe x3  
  57  6:51  Probe  
  58  6:58  Probe x3  
  61  7:03  Probe  
  62  7:10  Probe x3  
  62  7:13  Assimilator  
  62  7:15  Assimilator  
  65  7:16  Protoss Shields Level 1, Probe  
  65  7:22  Probe x3  
  69  7:28  Cybernetics Core, Probe  
  70  7:33  Stargate x2  
  70  7:34  Stargate, Probe x3  
  70  7:35  Stargate  
  70  7:36  Pylon  
  73  7:37  Protoss Air Weapons Level 1 (Chrono Boost)  
  73  7:39  Pylon  
  73  7:40  Probe  
  74  8:03  Twilight Council  
  74  8:18  Fleet Beacon  
  74  8:20  Protoss Air Armor Level 1 (Chrono Boost)  
  74  8:27  Pylon  
  74  8:29  Pylon  
  74  8:40  Pylon  
  74  8:41  Pylon  
  74  9:00  Mothership (Chrono Boost)  
  74  9:02  Carrier x4  
  102  9:37  Flux Vanes  
  102  10:07  Carrier  
  102  10:08  Carrier  
  114  10:15  Pylon  
  114  10:33  Carrier  
  114  10:34  Anion Pulse-Crystals  
  120  10:40  Shield Battery x2  
  120  10:44  Pylon  
  120  10:45  Pylon  
  120  10:55  Carrier  
  102  11:12  Carrier x2  
  118  11:41  Shield Battery  
  118  11:42  Shield Battery  
Tags
 
Add a new tag
Caveats
  • Supply blocks, unpowered buildings, or Contaminate may cause inaccurate times.
  • Supply counts are checked every 10 seconds.